[Event "7th Porticcio Open 2022"]
[Site "Porticcio"]
[Date "2022.07.03"]
[Round "3.4"]
[White "Venkatesh, M.R."]
[Black "Humeau, Cyril"]
[Result "1-0"]
[ECO "A06"]
[WhiteElo "2479"]
[BlackElo "2270"]
[Annotator "TA"]
[PlyCount "81"]
[EventDate "2022.07.02"]
[EventType "swiss"]
[EventCountry "FRA"]
[SourceTitle "playchess.com"]
[Source "ChessBase"]
[SourceQuality "1"]
[TimeControl "5400+30"]

1. Nf3 d5 2. g3 Nf6 3. Bg2 Nbd7 4. c4 dxc4 5. Na3 Nb6 {[%emt 0:01:38][%cal Oe7e5] [#]} 6. Nxc4 $1 {[%emt 0:01:09][%mdl 64] Decoy. A07: Réti Opening: New York and Capablanca Systems.} Nxc4 7. Qa4+ Bd7 (7... c6 $11 {keeps the balance.} 8. Qxc4 Be6) 8. Qxc4 $16 {[%emt 0:00:06] White is better.} Bc6 {[%emt 0:00:04] [#]} (8... c6 $142) 9. d3 $146 (9. Ne5 $1 $16 Bd5 10. Qa4+ c6 11. e4) ({Predecessor:} 9. Ne5 Bd5 10. Qa4+ c6 11. e4 Be6 12. d4 Nd7 13. Nf3 g6 14. O-O Bg7 15. Be3 {1-0 (47) Sviridov,V (2562)-Barbero Sendic,A (2322) Chess.com INT 2020}) 9... Bxf3 $14 10. Bxf3 c6 11. b4 a6 {[%emt 0:05:23] Prevents b5.} 12. O-O e6 13. a4 Be7 14. Bd2 O-O 15. b5 axb5 16. axb5 Nd5 17. bxc6 Rc8 (17... bxc6 $16 18. Qxc6 Rc8) 18. Ba5 $18 Qd6 {[%emt 0:00:07] [#]} 19. Rab1 (19. e4 $1 $18 {[%cal Re4d5] has better winning chances.} Rxc6 20. Qb3) 19... bxc6 20. Rb7 Rfe8 21. e4 Nf6 22. d4 {[%emt 0:00:38] Hoping for e5.} Qa3 23. Bc3 {[%emt 0:00:42] A strong pair of Bishops.} Qa8 24. Rfb1 Bf8 25. R7b6 {[%emt 0:02:54] White is much more active.} Rb8 26. Rxb8 (26. Kg2 {looks sharper.} Rxb6 27. Rxb6 Rc8 28. Bd2) 26... Rxb8 27. Rxb8 Qxb8 28. Qxc6 {[%emt 0:00:16] Black must now prevent e5.} Qb1+ 29. Kg2 {[%emt 0:00:06] Threatens to win with e5.} Qc2 30. g4 (30. h3 $16) 30... h6 31. h4 Kh7 32. d5 $1 $36 {[%emt 0:03:57][%mdl 2048] White is in control.} Nxe4 {[%emt 0:02:16] [#]} 33. Bd4 (33. Be1 $1 $16 Nc5 34. dxe6 (34. d6 Qc4 $11) 34... fxe6 35. Bb4) 33... Qd3 $11 34. dxe6 Qxd4 (34... Nd2 $11 {and Black stays safe.} 35. Be3 Qf1+ 36. Kh2 (36. Kg3 Bd6+ 37. Qxd6 Qg1+ 38. Kh3 Nxf3 $11) 36... Bd6+ 37. Qxd6 Nxf3+ 38. Kg3 Ng1) 35. Bxe4+ {[%emt 0:00:12][%mdl 4096] Endgame KQB-KQB} f5 $2 (35... g6 36. exf7 Qd6 37. Qxd6 Bxd6) 36. Bxf5+ $2 (36. e7 Bxe7 37. Bxf5+ Kg8 38. Qe8+ Bf8 39. h5 (39. Be6+ Kh7 $18)) 36... g6 (36... Kg8 $18 37. Qe8 Qf6) 37. e7 {[%emt 0:02:48] White mates.} gxf5 38. exf8=Q Qxg4+ 39. Kh1 Qh3+ 40. Kg1 Qg4+ 41. Qg2 {[%emt 0:00:07] Weighted Error Value: White=0.36/Black=0.36} 1-0

[Event "7th Porticcio Open 2022"]
[Site "Porticcio"]
[Date "2022.07.03"]
[Round "3.5"]
[White "Virtanen, Antti"]
[Black "Can, Isik"]
[Result "0-1"]
[ECO "D10"]
[WhiteElo "2270"]
[BlackElo "2445"]
[Annotator "TA"]
[PlyCount "50"]
[EventDate "2022.07.02"]
[EventType "swiss"]
[EventCountry "FRA"]
[SourceTitle "playchess.com"]
[Source "ChessBase"]
[SourceQuality "1"]
[TimeControl "5400+30"]

1. d4 d5 2. c4 c6 3. Nc3 Nf6 4. cxd5 cxd5 5. Bf4 Nc6 6. e3 Bf5 7. Qb3 Na5 $1 8. Qa4+ {[%emt 0:00:06] D10: Slav Defence: 3 cxd5 (without early Nf3) and 3 Nc3.} Bd7 9. Qc2 Rc8 10. Nf3 {[%emt 0:00:28] The position is equal.} e6 11. Bd3 Bb4 $1 {[%emt 0:01:55][%cal Of6e4][%mdl 4] is now more promising than 11...Be7.} 12. O-O Nh5 13. Bg5 f6 14. Bh4 (14. Bxh7 {looks sharper.} Nc4 15. Bg6+ Kf8 16. Bh4) 14... g5 15. Bg3 (15. g4 $1 $11) 15... Nxg3 $15 16. hxg3 g4 $1 17. Nd2 {[%emt 0:21:33] [#]} f5 $1 {[%emt 0:03:27] [#] Inhibits e4.} 18. a3 $146 ({Predecessor:} 18. Rfc1 h5 19. Qd1 h4 20. Nf1 Bd6 21. Ne2 Rxc1 22. Rxc1 Qf6 23. Qd2 Nc6 24. Bb5 Qh6 25. gxh4 Qxh4 26. Nfg3 Kf7 27. a4 a6 {½-½ (27) Finek,V (2408)-Nguyen,H (2419) Budapest 2021}) 18... Bd6 19. Qd1 {[%emt 0:15:05] [#]} (19. Rfe1 $142) 19... h5 $1 $17 20. Ne2 h4 21. Nf4 (21. Rc1 {was necessary.}) 21... Qf6 $19 22. Re1 $2 (22. Rc1) 22... hxg3 {[%emt 0:02:13] Black is clearly winning.} 23. fxg3 Bxf4 ({Not} 23... Qh6 24. Kf2 $17) 24. gxf4 Qh4 {[%emt 0:00:16] ( -> ...g3)} 25. Kf1 Qg3 {[%emt 0:00:07] Weighted Error Value: White=0.71/Black=0.00 (flawless)} 0-1

[Event "7th Porticcio Open 2022"]
[Site "Porticcio"]
[Date "2022.07.03"]
[Round "3.6"]
[White "Maugenest, Ghislain"]
[Black "Trent, Lawrence"]
[Result "1-0"]
[ECO "E81"]
[WhiteElo "2203"]
[BlackElo "2404"]
[Annotator "TA"]
[PlyCount "119"]
[EventDate "2022.07.02"]
[EventType "swiss"]
[EventCountry "FRA"]
[SourceTitle "playchess.com"]
[Source "ChessBase"]
[SourceQuality "1"]
[TimeControl "5400+30"]

1. d4 {[%emt 0:00:07] Krasenkow,Michal} Nf6 2. c4 g6 3. Nc3 Bg7 4. e4 d6 5. f3 O-O 6. Nge2 c5 7. d5 e6 8. Ng3 exd5 9. cxd5 h5 10. Be2 Nh7 11. Be3 Nd7 12. O-O Ne5 13. Qd2 h4 {[%emt 0:02:01] A65: Modern Benoni: 6 e4.} 14. Nh1 f5 15. Nf2 {[%emt 0:02:25] [#]} f4 $146 ({Black should try} 15... a6 $14) ({Predecessor:} 15... Bd7 16. a4 Qf6 17. exf5 gxf5 18. Nh3 Ng6 19. f4 a6 20. Bf2 Rae8 21. Kh1 Rf7 {1-0 (42) Tomashevsky,E (2701)-Khairullin,I (2617) Rijeka 2010 CBM 136 [Krasenkow,Michal]}) 16. Bxf4 $16 g5 17. Be3 h3 18. f4 (18. Nxh3 $18 Bxh3 19. gxh3) 18... gxf4 $14 19. Bxf4 Ng6 20. Bg3 (20. Nxh3 Bxh3 21. Bg3 (21. gxh3 $2 Nxf4 22. Bg4 Qg5 $19) 21... Bc8 22. Rxf8+ Qxf8 $17) 20... hxg2 21. Kxg2 Nh4+ (21... Qe7 $16 22. Kh1 Bd7) 22. Kh1 $18 Nf3 23. Bxf3 Rxf3 24. e5 dxe5 25. Nfe4 {[%emt 0:00:23] Inhibits Qg5.} Bg4 (25... Rxf1+ $142 26. Rxf1 Bh3) 26. Qg2 $1 (26. Nxc5 Qf8 27. Qg2 (27. Bf2 $2 Qf5 $19) 27... Rxf1+ 28. Rxf1 Qxc5 $17) 26... Rxf1+ 27. Rxf1 Qc8 $2 {[%emt 0:00:02] [#]} (27... Qe7 28. Bf2 Bf5) 28. Qg1 $2 (28. Qf2 Qe8 $16) (28. Rf7 $3 $18 {[%mdl 512] is the precise move to win.}) 28... b6 $16 29. h3 {[%emt 0:07:03] 0x0.00207cef6d2bdp-1022s more active pieces. The black rooks are badly placed.} (29. Qf2 Qd7 $11) (29. Bh4 $16 {Strongly threatening Qg3.} Qd7 30. Be7 $1 ) 29... Bh5 $2 (29... Bxh3 $11 {and Black is okay.} 30. Bxe5 Qg4) 30. Kh2 $1 $18 Kh8 31. Bh4 {[%emt 0:02:33] Nf6 is the strong threat.} Qg8 32. Rf5 Bf7 33. d6 {aiming for d7.} Qe8 (33... Be8 $16) 34. Qd1 Be6 (34... Qe6) 35. Rf2 Nf8 $2 (35... a5 36. Nd5 Qg6) 36. Rg2 Nd7 (36... Qf7 {might work better.} 37. Rf2 Qg6) 37. Qg1 $2 (37. Nd5 $18 {is more deadly.} Bxd5 38. Qxd5) 37... Qf7 38. Bg5 {[%emt 0:00:28] Against Qf4+} (38. Rg3 $16 {Threatens to win with Ng5.} Bh6 39. Bg5) 38... Rf8 $1 $14 39. Rg3 {[%emt 0:00:28] Black must now prevent Be7.} Qh5 $2 {[%emt 0:00:14] White leaves nothing to chance now.} (39... Qf1 $1 $14) 40. Qg2 $1 $18 Rf7 41. Be3 (41. Bc1 $18) 41... Bf5 $2 (41... Bh6 $16 {was necessary.}) 42. Ng5 Rf8 {[%emt 0:00:19] [#]} 43. Nd5 e4 (43... Qd1 {was worth a try.} 44. Bd2 e4) 44. Nf4 {[%emt 0:00:26] Pair of Knights!} Qh6 {[%emt 0:00:35] [#]} (44... Qe8 $142 45. Nge6 Bf6) 45. Nfe6 $1 {[%emt 0:00:38][%mdl 512] White is clearly winning.} Bxe6 {[%emt 0:00:38] [#]} 46. Nf7+ {[%emt 0:00:05][%mdl 576] Discovered Attack} Bxf7 47. Bxh6 Bxh6 48. Qxe4 Re8 49. Qf5 ({Not} 49. Qh4 Re6 50. Rg4 Ne5 51. Qd8+ Kh7 $16) 49... Re2+ 50. Rg2 Be6 {[#]} 51. Qg6 ({Weaker is} 51. Qh5 Rxg2+ 52. Kxg2 Kg7 $14) 51... Bf4+ 52. Kg1 Rxg2+ 53. Kxg2 Bd5+ 54. Kf2 Ne5 55. Qe8+ Kg7 56. d7 Nf7 57. d8=Q Nxd8 58. Qxd8 Bxa2 59. Qd7+ Kf6 60. Qa4 {[%emt 0:00:05] Weighted Error Value: White=0.62/Black=0.71} 1-0

[Event "7th Porticcio Open 2022"]
[Site "Porticcio"]
[Date "2022.07.03"]
[Round "3.7"]
[White "Bhawoodien, Mohamed Ozayr"]
[Black "Droin, Augustin"]
[Result "0-1"]
[ECO "B32"]
[WhiteElo "2182"]
[BlackElo "2391"]
[Annotator "TA"]
[PlyCount "124"]
[EventDate "2022.07.02"]
[EventType "swiss"]
[EventCountry "FRA"]
[SourceTitle "playchess.com"]
[Source "ChessBase"]
[SourceQuality "1"]
[TimeControl "5400+30"]

1. e4 c5 2. Nf3 Nc6 3. d4 cxd4 4. Nxd4 Qb6 5. Nb3 Nf6 6. Nc3 e6 7. a3 a6 8. Bf4 {[%emt 0:00:20] B33: Sicilian: Pelikan and Sveshnikov Variations.} e5 9. Be3 Qd8 10. g4 {[%emt 0:08:37] White is better.} h6 {[%emt 0:05:36] [#]} 11. Rg1 $146 ({Predecessor:} 11. f3 d6 12. Qd2 Be6 13. Nd5 Bxd5 14. exd5 Ne7 15. c4 Ng6 16. Be2 Be7 17. O-O-O {½-½ (27) Perez Gonzalez,J (2340)-Gallego Jimenez,V (2362) Madrid 2016}) 11... d6 12. h4 Be6 13. g5 hxg5 14. hxg5 Nd7 15. Nd5 Ne7 16. Qf3 Rh4 17. O-O-O Rc8 18. Rd2 Bxd5 19. exd5 e4 20. Qd1 {[%emt 0:08:48] And now Rg4 would win.} Ne5 {[%emt 0:01:04] Against Rg4} 21. Be2 {[%emt 0:01:05] Prevents Nf3.} (21. Nd4 $16) 21... Nf5 (21... g6 $1 $14) 22. g6 $1 $16 f6 (22... fxg6 $16 {was necessary.} 23. Bg5 Be7 24. Bxh4 Bxh4) 23. Nd4 $18 Nxd4 24. Rxd4 f5 25. Bg5 Be7 26. Bxh4 Bxh4 27. Rh1 Qg5+ 28. Kb1 $1 ({Stronger than} 28. Qd2 Qxd2+ 29. Kxd2 Bxf2 $11) 28... Bxf2 29. Rb4 Rc7 30. Rh5 (30. Qf1 $1 $18 Bh4 31. Rb3) 30... Qf4 $16 (30... Qxg6 $2 31. Qf1 Bc5 32. Rxe4 $3 (32. Rb3 Qg1 $16)) 31. Qf1 (31. Qc1 $16 Be3 32. Qf1 Qxf1+ 33. Bxf1) 31... Nxg6 (31... Ke7 $11) 32. Qh3 $36 {[%emt 0:00:37][%mdl 2048] Black is under strong pressure.} Nh4 33. Qb3 (33. Rb3 $14) 33... b5 $15 {[%emt 0:01:23] aiming for ...Qd2. Active counter play!} 34. a4 $2 (34. Qh3 $11) 34... Qd2 $19 {[%emt 0:00:31] Really sharp!} 35. Rh8+ $2 (35. Rxf5 {was forced.} Nxf5 36. Rxe4+ Kd8 37. Qd3) 35... Ke7 (35... Kf7 $142 36. axb5 Qxe2) 36. Bh5 (36. Rxe4+ {was the only defense.} fxe4 37. Qh3 Qxd5 38. Qg4) 36... Qe1+ 37. Ka2 Bc5 $4 {[%emt 0:00:01][%mdl 8192] [#]} (37... Kf6 $19 38. c3 (38. axb5 $2 axb5 39. Rf8+ Kg5 $19) 38... Bc5) 38. Rxe4+ $3 $18 Qxe4 39. Re8+ Kf6 40. Rxe4 fxe4 41. Qh3 (41. Qg3 $142 g5 42. Qc3+ Kf5 43. Qh3+ Kf6 44. Qe6+ Kg7 45. Qxe4) 41... Nf5 42. Bg4 (42. Qg4 $18 {has better winning chances.} g5 43. Qxe4) 42... g6 $16 43. Qh8+ $2 ({White should play} 43. Bxf5 $18 gxf5 44. Qc3+ Kg5 45. b4) 43... Kg5 $11 44. Bxf5 Kxf5 {[%emt 0:00:04][%mdl 4096] Endgame KQ-KRB} 45. Qe8 bxa4 46. Qe6+ Kf4 47. Qxg6 e3 48. Qf6+ Kg3 49. Qg5+ Kf2 {[%emt 0:01:31] ...Rb7 is the strong threat.} 50. Qf4+ $2 (50. Qh4+ $11 {and White is okay.} Ke2 51. Qxa4) 50... Ke1 $19 51. Qh4+ (51. Kb1 {was the only chance.} Rg7 52. b4 axb3 53. Kb2) 51... Kd2 {[%emt 0:00:08] Strongly threatening ...e2.} 52. Qf4 (52. Qc4 {was called for.} Rf7 53. Qd3+ Ke1 54. Qc3+ Kf2 55. Qc4) 52... Rg7 53. b4 $2 (53. Qf6 $19 e2 54. Qc3+ Kd1 55. Qd3+ Ke1 56. Qc3+ Kf1 57. Qf6+ Bf2 58. Qxg7) 53... axb3+ $1 54. cxb3 Rg2 55. b4 Kc3+ 56. Ka3 {[%emt 0:00:09] [#]} Bd4 (56... Rg1 $142 $1 57. Ka2 e2 58. Qf3+ Kd2 59. Qf4+ Be3 60. Qh2 Kd3 61. Qh7+ Kc3 62. Qh8+ Kc4 63. Qc8+ Kd3 64. Kb3 Rb1+ 65. Ka2 Rg1 66. Kb3 Rb1+ 67. Ka2 Rg1) 57. Qxd6 e2 58. Qe6 Rg1 (58... Kd2 $142 59. Qh6+ Be3) 59. Qc8+ Kd2 {[%emt 0:00:45] Black mates.} 60. Qc4 Rg3+ 61. Ka4 Bb2 62. Qf4+ Re3 {[%emt 0:00:07] Quite a comeback for Black.  Weighted Error Value: White=0.86/Black=0.56} 0-1

[Event "7th Porticcio Open 2022"]
[Site "Porticcio"]
[Date "2022.07.03"]
[Round "3.8"]
[White "Suarez Uriel, Adrian"]
[Black "Lafourcade, Victor"]
[Result "1-0"]
[ECO "B81"]
[WhiteElo "2386"]
[BlackElo "2006"]
[Annotator "TA"]
[PlyCount "49"]
[EventDate "2022.07.02"]
[EventType "swiss"]
[EventCountry "FRA"]
[SourceTitle "playchess.com"]
[Source "ChessBase"]
[SourceQuality "1"]
[TimeControl "5400+30"]

1. e4 c5 2. Nf3 e6 3. d4 cxd4 4. Nxd4 Nf6 5. Nc3 d6 6. g4 h6 7. Rg1 Nc6 8. Be3 $1 {[%emt 0:00:06] 8.Be3 is better than 8.h4.} d5 {[%emt 0:03:40] B81: Sicilian Scheveningen: Keres Attack.} (8... Bd7 $14 {is more appropriate.}) 9. Bb5 $16 {[%emt 0:00:05] Strongly threatening exd5.} Bd7 10. exd5 $1 Nxd5 {[%emt 0:04:12] White is better.} 11. Nxd5 exd5 12. Qe2 Be7 13. O-O-O {[%emt 0:01:01] [#] And now Nf5 would win.} O-O $146 ({Black should play} 13... a6 $14 14. Nxc6 bxc6) ({Predecessor:} 13... a6 14. Bd3 Nb4 15. a3 Nxd3+ 16. Qxd3 Kf8 17. Nf5 Be6 18. Nxe7 Qxe7 19. f4 Bd7 {1-0 (54) Fraczek,W (1830)-Kindler,K (1805) Sypniewo 2021}) 14. Nf5 $1 {[%emt 0:11:32] White is more active.} Bxf5 15. gxf5 Kh7 (15... Bf6 $16) 16. Bd3 $18 {[%emt 0:46:11] f6+ would kill now.} ({Less strong is} 16. Qg4 Bf6 $14) 16... Bf6 {[%emt 0:04:42] [#]} 17. Rxg7+ $3 Kxg7 18. Rg1+ Bg5 19. h4 {[%emt 0:03:43][%mdl 64] Pin} f6 (19... Nd4 20. Qh5 Kf6 21. Bxg5+ hxg5 22. Re1 Ne6 23. Rxe6+ fxe6 24. Qxg5+ Ke5 25. Qg3+ Kf6 26. Qg6+ Ke5 27. Qxe6+ Kf4 28. Qe3+ Kg4 29. Qg3+ Kh5 30. Be2+ Kh6 31. Qg6#) (19... Re8) 20. hxg5 hxg5 21. f4 ({Stronger than} 21. Qh5 Qe8 22. Rxg5+ fxg5 $11) 21... d4 $2 {[%emt 0:06:24] [#]} (21... Rh8 22. fxg5 Kf7) 22. Bd2 (22. fxg5 $142 $1 Rg8 {[#]} 23. Qh5 $1) 22... Qe8 23. Qg2 Qh5 24. fxg5 fxg5 25. Rh1 {[%emt 0:00:08] Black got outplayed after the opening.  Weighted Error Value: White=0.10 (very precise) /Black=1.08} (25. Bxg5 $142 Rxf5 26. Bxf5 Kf8 27. Rh1 Re8 28. Rxh5 Re1+ 29. Kd2 Ne7 30. Rh8+ Ng8 31. Rxg8+ Kxg8 32. Bh6+ Kf7 33. Qg7+ Ke8 34. Qf8#) 1-0

[Event "7th Porticcio Open 2022"]
[Site "Porticcio"]
[Date "2022.07.04"]
[Round "4.1"]
[White "Maurizzi, Marc Andria"]
[Black "Suarez Uriel, Adrian"]
[Result "1-0"]
[ECO "A45"]
[WhiteElo "2506"]
[BlackElo "2386"]
[Annotator "TA"]
[PlyCount "92"]
[EventDate "2022.07.02"]
[EventType "swiss"]
[EventCountry "FRA"]
[SourceTitle "playchess.com"]
[Source "ChessBase"]
[SourceQuality "1"]
[TimeControl "5400+30"]

1. d4 Nf6 2. Bg5 c5 3. d5 d6 4. Nc3 h6 5. Bxf6 exf6 6. e4 {[%emt 0:00:54] A45: Trompowsky Attack.} g6 7. Nf3 Bg7 8. Bd3 {[%emt 0:00:37] The position is equal.} O-O 9. O-O Nd7 {[%emt 0:13:49] [#]} 10. a4 $146 ({Predecessor:} 10. Nd2 a6 11. a4 Ne5 12. Be2 f5 13. exf5 gxf5 14. a5 b5 15. axb6 Qxb6 16. Ra2 {1-0 (46) Gallagher,J (2516)-Knott,S (2373) Scarborough 2001}) 10... a6 11. a5 Qc7 12. Nd2 Re8 13. Nc4 (13. Kh1 $14) 13... b5 $11 14. axb6 $1 Nxb6 15. Ne3 c4 $1 16. Be2 Bd7 17. Bg4 Bb5 18. h4 ({Don't play} 18. Nxb5 axb5 19. Rxa8 Rxa8 $15) 18... h5 19. Bh3 Bh6 20. Qf3 Qc5 (20... Nd7 $11) 21. Qxf6 $16 {[%emt 0:09:53][%cal Oh3e6] Hoping for Be6!} Bg7 22. Qf4 {[%emt 0:01:48] White is more active.} Be5 23. Qg5 Bd7 ({Less strong is} 23... Bxc3 24. bxc3 Qc7 25. f3 $16) 24. Bf5 Kf8 25. Bxg6 fxg6 26. Qxg6 Ke7 27. Qg5+ Bf6 $1 {[%emt 0:00:21] This bishop pair is nice.} 28. Nf5+ Bxf5 29. Qxf5 {[%emt 0:00:02] Chess con chili.} Nd7 30. Ne2 Be5 31. Nf4 (31. c3 $11) 31... Bxf4 $15 32. Qxf4 {[%emt 0:00:02] Strongly threatening Qg5+.} Kd8 33. b4 ({Better is} 33. b3 $1 $11) 33... Qxb4 34. Rab1 (34. Rfb1 $15 Qc5 35. Rb7) 34... Qc5 $17 35. Rb7 {[%emt 0:00:42] aiming for Qf5.} Rf8 {[%emt 0:02:30] Prevents Qf5.} ({Black should try} 35... Ra7 $17 36. Qg5+ (36. Rxa7 Qxa7 37. Qxd6 Rxe4 $17) 36... Kc8 37. Rxa7 Qxa7) 36. Qg5+ Kc8 37. Qe7 $40 {[%emt 0:01:01][%csl Gb7][%cal Re7d7][%mdl 128] White attacks.} Rd8 (37... Kxb7 $11 38. Qxd7+ Kb6 39. Rb1+ Ka5) 38. Rfb1 $18 {[%emt 0:00:16] Threatens to win with Qe6.} a5 $2 (38... Ra7) 39. R1b5 Qa3 40. Kh2 {[%emt 0:03:10][%cal Ob7d7] White threatens Rxd7! and mate.} Qc3 {[%emt 0:03:08] [#] ...Qe5+ is the strong threat.} 41. Rxd7 $1 Qe5+ 42. Qxe5 dxe5 43. Re7 {[%emt 0:01:16] And now Rbb7 would win.} a4 (43... Rd7 $142 44. Rc5+ Kd8 45. Rxe5 Re7) 44. Rbb7 Rd6 45. Ra7 (45. Rec7+ $142 Kd8 46. Rh7 Kc8 47. Rbc7+ Kd8 48. Rcg7 Kc8 49. Rh8+ Rd8 50. Rxd8+ Kxd8 51. Rg8+ Ke7 52. Rxa8) 45... Kb8 46. Reb7+ Kc8 {[%emt 0:00:01] Weighted Error Value: White=0.17 (very precise) /Black=0.37} 1-0

[Event "7th Porticcio Open 2022"]
[Site "Porticcio"]
[Date "2022.07.04"]
[Round "4.2"]
[White "Karttunen, Mika"]
[Black "Valles Moreno, Ivan"]
[Result "1-0"]
[ECO "A80"]
[WhiteElo "2484"]
[BlackElo "2384"]
[Annotator "TA"]
[PlyCount "113"]
[EventDate "2022.07.02"]
[EventType "swiss"]
[EventCountry "FRA"]
[SourceTitle "playchess.com"]
[Source "ChessBase"]
[SourceQuality "1"]
[TimeControl "5400+30"]

1. d4 f5 2. Nc3 Nf6 3. Bg5 d5 4. Bxf6 exf6 5. e3 Be6 6. Bd3 Nc6 7. a3 Qd7 {[%emt 0:00:14] A80: Dutch Defence: Unusual White second moves.} 8. Nge2 O-O-O 9. b4 Ne7 {[%emt 0:09:34] The position is equal.} 10. Nc1 {[%emt 0:03:07] [#]} Kb8 $146 ({Predecessor:} 10... g5 11. Nb3 Ng6 12. Nc5 Bxc5 13. bxc5 f4 14. Qe2 Bg4 15. c6 Qe6 16. cxb7+ Kb8 {0-1 (59) Archangelsky,M (2054)-Smirnov,A (2393) Deutschlandsberg 2017}) 11. Nb3 b6 12. O-O g5 13. a4 Ng6 $2 {[%emt 0:05:50][%mdl 8192] [#] Black cannot hold the game after this.} (13... Nc6 $1 $14) 14. a5 $1 $18 {[%emt 0:01:22] Black must now prevent axb6.} Qc6 (14... Bxb4 $2 15. axb6 axb6 16. Nb5 $18) 15. Nb5 a6 16. Nxc7 Kxc7 (16... b5 {might work better.}) 17. axb6+ Kd7 (17... Qxb6 $2 18. Rxa6 Qxa6 19. Bxa6) 18. Nc5+ Bxc5 19. bxc5 Ra8 20. Bxa6 {[%emt 0:01:05] Hoping for Qd3.} (20. Rxa6 Rxa6 21. Bxa6 Ke7 $18) 20... Ke7 21. Qd3 Kf7 22. Bb5 Qb7 23. Ra6 Ne7 24. Rfa1 {[%emt 0:01:58][%cal Bf1a1,Ba1a6,Ba6a7,Ba7c7][%mdl 32] Threatens to win with Ra7.} Nc6 {[%emt 0:05:02] Against Ra7} 25. Qa3 Rxa6 (25... Rab8 {was called for.} 26. Bxc6 Qxc6) 26. Qxa6 Qxa6 27. Rxa6 Bd7 28. Bxc6 Bxc6 {[%emt 0:00:04][%mdl 4096] Endgame KRB-KR} 29. Ra7+ Kg6 (29... Ke6 {keeps fighting.} 30. Rc7 Bb5) 30. Rc7 Bb5 31. b7 {[%emt 0:02:32] aiming for Rc8.} Rb8 32. f4 h5 (32... h6 $142 33. Kf2 gxf4 34. exf4 Kh5) 33. h4 gxh4 34. Kh2 Ba4 35. c3 Bb5 36. Kh3 Ba4 37. Kxh4 Bb5 38. Kh3 Ba4 39. g3 Bb5 40. Kg2 Ba4 41. Kf2 Bb5 42. Kf3 Ba4 43. Ke2 Bb5+ 44. Kd2 Ba4 45. c4 dxc4 46. d5 Bb3 47. Kc3 {[%emt 0:02:27] Threatening mate with c6.} Re8 48. Rc8 (48. c6 $18 Ba4 49. Rc8 Rxe3+ 50. Kxc4) 48... Rxe3+ 49. Kd2 Rd3+ 50. Ke2 Bd1+ 51. Ke1 Bg4 52. Rg8+ Kf7 {[%emt 0:00:05] [#]} 53. Rxg4 $1 {[%emt 0:00:21][%mdl 512] White mates.} Rb3 (53... fxg4 54. b8=Q) 54. c6 c3 55. Kd1 hxg4 56. c7 Rxb7 57. c8=Q {[%emt 0:00:07] Weighted Error Value: White=0.17 (very precise) /Black=0.67} 1-0

[Event "7th Porticcio Open 2022"]
[Site "Porticcio"]
[Date "2022.07.04"]
[Round "4.3"]
[White "Navrotescu, Andreea"]
[Black "Venkatesh, M.R."]
[Result "0-1"]
[ECO "E11"]
[WhiteElo "2373"]
[BlackElo "2479"]
[Annotator "ChessBase"]
[PlyCount "110"]
[EventDate "2022.07.02"]
[EventType "swiss"]
[EventCountry "FRA"]
[SourceTitle "playchess.com"]
[Source "ChessBase"]
[SourceQuality "1"]
[TimeControl "5400+30"]

1. d4 Nf6 2. c4 e6 3. Nf3 Bb4+ 4. Bd2 a5 5. a3 Be7 6. Nc3 d5 7. Bf4 O-O 8. e3 b6 9. cxd5 exd5 10. Bd3 Bb7 11. Rc1 Nbd7 12. Ne5 c5 13. Nxd7 Qxd7 14. Bb5 Qe6 15. O-O Rac8 16. Re1 Rfd8 17. Bg3 h6 18. f3 Nh5 19. Bf2 Bd6 20. e4 dxe4 21. d5 Qe5 22. g3 f5 23. f4 Nxf4 24. gxf4 Qxf4 25. Qh5 Qe5 26. Rcd1 Rc7 27. Bg3 Qf6 28. Bc4 Kh7 29. Rf1 Bxg3 30. Nxe4 Qh4 31. Qxh4 Bxh4 32. Rxf5 Re7 33. Rf4 Bg5 34. Nxg5+ hxg5 35. Rf5 Kh6 36. Rd3 Re4 37. b3 Kg6 38. Rdf3 Rd4 39. Re5 Bxd5 40. Bd3+ Kh6 41. Rh3+ Rh4 42. Rg3 Bf7 43. Re7 Bxb3 44. Rb7 Rd6 45. Rb8 g4 46. h3 Kg5 47. Be2 Bd1 48. Bf1 Kf4 49. Rc3 Bf3 50. Kf2 Rd2+ 51. Ke1 Rd1+ 52. Kf2 g3+ 53. Kg1 Rh6 54. Rc4+ Be4 55. Re8 Re1 0-1

[Event "7th Porticcio Open 2022"]
[Site "Porticcio"]
[Date "2022.07.04"]
[Round "4.4"]
[White "Can, Isik"]
[Black "Martin Duque, Jesus"]
[Result "1-0"]
[ECO "B46"]
[WhiteElo "2445"]
[BlackElo "2378"]
[Annotator "TA"]
[PlyCount "51"]
[EventDate "2022.07.02"]
[EventType "swiss"]
[EventCountry "FRA"]
[SourceTitle "playchess.com"]
[Source "ChessBase"]
[SourceQuality "1"]
[TimeControl "5400+30"]

1. e4 c5 2. Nf3 e6 3. d4 cxd4 4. Nxd4 Nc6 5. Nc3 a6 6. Nxc6 bxc6 7. Bd3 d5 8. O-O Nf6 9. Re1 Be7 10. e5 Nd7 11. Qg4 Kf8 {[%emt 0:00:09] is currently scoring better than 11...g6.} 12. Na4 {[%emt 0:03:07] B46: Sicilian: Taimanov: 5 Nc3 a6.} h5 13. Qf4 Kg8 14. c4 {[%emt 0:05:33] The position is equal.} Qa5 15. Nc3 Nc5 {[%emt 0:00:15] [#]} 16. Bf1 $146 {[%emt 0:16:41] cxd5 is the strong threat.} ({Predecessor:} 16. Bc2 Qb4 17. Re3 Qxc4 18. Qxc4 dxc4 19. Ne4 {½-½ (19) Odeeva,K (2188)-Wellen,L (2207) ICCF email 2017}) 16... Nb3 17. Rb1 Nxc1 18. Rexc1 g5 19. Qe3 Rb8 {[%emt 0:03:22] [#]} ({Better is} 19... Qd8 $14) 20. cxd5 $1 $16 exd5 (20... cxd5 $16 {was called for.} 21. Qa7 Rb7 22. Qxa6 Qd8) 21. Qa7 $18 Qb4 {[%emt 0:00:38] [#]} 22. Nb5 $1 Bf5 (22... Rb7 $142 23. Qxa6 Kg7) 23. a3 ({Don't take} 23. Qxb8+ Kg7 24. Qc7 Bxb1 $18) 23... Qf4 24. Qxb8+ Kg7 25. Qa7 ({Not} 25. Qc7 Bxb1 26. Qxc6 (26. Qxe7 Qxc1 27. Qf6+ Kg8 $11) (26. Rxb1 Bc5 $11) 26... Be4 $11) 25... Re8 (25... Bxb1 26. Rxb1 Qxe5) 26. Nc7 {[%emt 0:00:33] Weighted Error Value: White=0.02 (flawless) /Black=0.33} 1-0